 Dungeon Crawl Stone Soup version 0.28-a0-664-gc179e30c89 (webtiles) character file.

Game seed: 9327421450763435792

64 kipponium the Cudgeller (level 3, -1/46 HPs)
             Began as a Demonspawn Abyssal Knight on Oct 16, 2021.
             Was a Follower of Lugonu.
             Slain by a steam dragon (5 damage)
             ... on level 3 of the Dungeon.
             The game lasted 00:06:02 (2422 turns).

kipponium the Cudgeller (Demonspawn Abyssal Knight) Turns: 2422, Time: 00:06:03

Health: -1/46      AC: 21    Str: 19    XL:     3   Next: 91%
Magic:  4/4        EV:  2    Int: 12    God:    Lugonu [*.....]
Gold:   111        SH: 11    Dex: 15    Spells: 2/2 levels left

rFire   . . .      SeeInvis .   a - +1 mace
rCold   . . .      Faith    .   e - +2 buckler
rNeg    . . .      Spirit   .   (armour currently unavailable)
rPois   +          Reflect  +   (helmet currently unavailable)
rElec   .          Harm     .   (cloak currently unavailable)
rCorr   .          Rampage  .   (gloves currently unavailable)
Will    .....      NoTele   +   (boots currently unavailable)
Stlth   +.........              d - amulet of reflection
HPRegen 0.15/turn               j - +6 ring of strength
MPRegen 0.09/turn               (no ring)

@: brilliant, tree-form
A: stationary, stasis, torment immunity, boosted hp, (claws 2), (horns 1), agile
1, robust 1, subdued magic 1
a: Renounce Religion, Depart the Abyss


You were on level 3 of the Dungeon.
You worshipped Lugonu.
Lugonu was aware of your devotion.
You were a tree.
You visited 1 branch of the dungeon, and saw 3 of its levels.
You visited the Abyss 1 time.

You collected 111 gold pieces.

Inventory:

Hand Weapons
 a - a +1 mace (weapon)
Armour
 b - a +0 leather armour (melded)
 e - a +2 buckler (worn)
 g - a +0 helmet (melded)
Jewellery
 d - an amulet of reflection (around neck)
 j - a +6 ring of strength (left branch)
Scrolls
 c - a scroll of fear {unknown}
 k - a scroll of identify
 m - a scroll of enchant weapon {unknown}
 o - a scroll of magic mapping {unknown}
 p - a scroll of enchant armour


   Skills:
 - Level 3.0 Fighting
 * Level 3.5 Maces & Flails
 - Level 1.7 Armour
 - Level 0.8 Dodging
 * Level 1.3 Shields
 - Level 2.4 Invocations


You had 2 spell levels left.
You didn't know any spells.
Your spell library contained the following spells:

 Spells                   Type           Power      Damage    Failure   Level
 Blink                    Tloc           N/A        N/A       52%         2
 Lesser Beckoning         Tloc           0%         N/A       77%         3
 Portal Projectile        Hex/Tloc       0%         N/A       77%         3
 Blade Hands              Tmut           0%         N/A       100%        5
 Excruciating Wounds      Necr           0%         N/A       100%        5
 Manifold Assault         Tloc           0%         N/A       100%        5


Dungeon Overview and Level Annotations

Branches:
Dungeon (3/15)

Altars:
Elyvilon
Qazlal


Innate Abilities, Weirdness & Mutations

You are a tree.
Your roots penetrate the ground, keeping you stationary.
You cannot be teleported.
You are immune to unholy pain and torment.
Your maximum health is greatly increased.
Your equipment is partially melded.
((You have very sharp fingernails.))
((You have a pair of small horns on your head.))
You are agile. (Dex +2)
You are robust. (+10% HP)
Your spells are a little easier to cast, but a little less powerful.


Message History

You are engulfed in a cloud of scalding steam.
The steam dragon barely misses you.
The steam dragon claws you but does no damage.
You hit the steam dragon.
The steam dragon is heavily wounded.
You are engulfed in a cloud of scalding steam.
* * * LOW HITPOINT WARNING * * *
The steam dragon bites you but does no damage.
You block the steam dragon's attack.
You barely miss the steam dragon.
The steam dragon is heavily wounded.
You are engulfed in a cloud of scalding steam.
* * * LOW HITPOINT WARNING * * *
You block the steam dragon's attack.
The steam dragon claws you but does no damage.
The steam dragon bites you but does no damage.
You block the steam dragon's attack.
It was a potion of flight.
Your roots keep you in place.
You block the steam dragon's attack.
The steam dragon claws you but does no damage.
It was a potion of brilliance.
You feel clever all of a sudden. You block the steam dragon's attack. x2
It was a potion of mutation.
You feel extremely strange.
You feel robust.
Your connection to magic feels subdued.
You feel agile. A pair of horns grows on your head!
The steam dragon bites you but does no damage.
The steam dragon completely misses you.
You aren't carrying any potions.
Okay, then.
You hit the steam dragon.
The steam dragon is heavily wounded.
The steam dragon bites you.
* * * LOW HITPOINT WARNING * * *
The steam dragon claws you but does no damage.
As you read the scroll labelled OBAUQAFFUR, it crumbles to dust.
It is a scroll of identify.
p - a scroll of enchant armour The steam dragon bites you.
You die...

.....D........._
#≈≈≈≈≈≈≈≈≈≈≈≈≈
#.#..#..#..#
#..........###
##.....####...##
#.......####.#.##
.........###....#########
........†D...............
........♣###....#########
#.......## #.....#####
##.....## #####.....#
##...# #.###(# ##+#
#.###.## #.##.†.##
###.....## #.......#
#..._...#


You could see a steam dragon.

Vanquished Creatures
  An adder (D:3)
  A gnoll (D:1)
  A worm (D:2)
  2 dart slugs
  3 endoplasms
  2 giant cockroaches
  4 goblins
  3 kobolds (D:1)
  A quokka (D:3)
  4 ball pythons
  6 bats
  7 frilled lizards
  4 rats
39 creatures vanquished.

Vanquished Creatures (others)
  A bat (D:3)
  13 plants (D:3)
14 creatures vanquished.

Grand Total: 53 creatures vanquished

Notes
Turn   | Place    | Note
-------+----------+-------------------------------------------
     0 | Abyss:1  | kipponium the Demonspawn Abyssal Knight began the quest for
                  | the Orb.
     0 | Abyss:1  | Reached XP level 1. HP: 18/18 MP: 2/2
     8 | Abyss:1  | Found a corrupted altar of Lugonu.
    71 | Abyss:1  | Noticed a raiju
    72 | Abyss:1  | Noticed a ynoxinul
    75 | D:1      | Escaped the Abyss
   405 | D:1      | Found a faded altar of an unknown god.
   580 | D:1      | Gained mutation: You have sharp fingernails. [demonic
                  | ancestry]
   580 | D:1      | Reached XP level 2. HP: 24/24 MP: 3/3
   798 | D:1      | Reached * piety under Lugonu
  1319 | D:2      | Gained mutation: You have very sharp fingernails. [demonic
                  | ancestry]
  1319 | D:2      | Reached XP level 3. HP: 26/29 MP: 4/4
  1436 | D:2      | Reached skill level 1 in Shields
  2208 | D:3      | Found a stormy altar of Qazlal.
  2390 | D:3      | Noticed a steam dragon
  2420 | D:3      | Gained mutation: You are robust. (+10% HP) [potion of
                  | mutation]
  2420 | D:3      | Gained mutation: Your spells are a little easier to cast,
                  | but a little less powerful. [potion of mutation]
  2420 | D:3      | Gained mutation: You are agile. (Dex +2) [potion of
                  | mutation]
  2420 | D:3      | Gained mutation: You have a pair of small horns on your
                  | head. [potion of mutation]
  2422 | D:3      | Slain by a steam dragon

Illustrated notes

Levels and vault maps discovered:
D:1:      onia_arrival_pentagram, layout_loops_corners,
          ebering_ecumenical_altar_mist
D:2:      layout_rooms
D:3:      minmay_spotlight, layout_loops_corners, lemuel_crystal_altar,
          lemuel_round_altar, nicolae_elyvilon_temple_path

Skill      XL: |  1  2  3 |
---------------+----------+-----
Maces & Flails | 2 3 |  3.5
Shields        | 1 |  1.3
Fighting       | |  3.0
Armour         | |  1.7
Dodging        | |  0.8
Invocations    | |  2.4

Action                   || total
-------------------------++-------
Melee: Mace              ||   139
Invok: Depart the Abyss  ||     1
  Use: Potion            ||     5
       Scroll            ||     1
 Stab: Sleeping          ||     1
Armor: Leather armour    ||    37
       Skin              ||    18
Dodge: Dodged            ||    52
Block: Buckler           ||    81

Table legend: (Time is in decaauts)
 A = Elapsed time spent in this place.
 B = Non-inter-level travel time spent in this place.
 C = Inter-level travel time spent in this place.
 D = Time resting spent in this place.
 E = Time spent auto-exploring this place.
 F = Levels seen in this place.
 G = Mean time per level.
                   A        B        C        D        E       F      G
               +--------+--------+--------+--------+--------+-----+--------+
         Total |   2463 |   2399 |     64 |    503 |   1328 |   4 |  615.8 |
       Dungeon |   2388 |   2324 |     64 |    503 |   1315 |   3 |  796.0 |
         Abyss |     75 |     75 |      0 |      0 |     13 |   1 |   75.0 |
               +--------+--------+--------+--------+--------+-----+--------+

Top non-repeatable levels by time:
     D:1: 1193 daAuts
     D:3: 599 daAuts
     D:2: 594 daAuts
 Abyss:1: 75 daAuts
